 Dungeon Crawl Stone Soup version 0.25-a0-479-g8579842fd4 (webtiles) character file.

Game seed: 6669668268361493073, levelgen mode: deterministic

14 ChaosChampion the Skirmisher (level 2, -3/25 HPs)
             Began as a Barachi Chaos Knight on Feb 9, 2020.
             Was a Plaything of Xom.
             Killed by nerve-wracking pain
             ... invoked by Jessica
              (12 damage)
             ... on level 2 of the Dungeon.
             The game lasted 00:01:52 (486 turns).

ChaosChampion the Skirmisher (Barachi Chaos Knight)  Turns: 486, Time: 00:01:53

Health: -3/25      AC:  5    Str: 13    XL:     2   Next: 45%
Magic:  2/2        EV: 11    Int: 12    God:    Xom [..*...]
Gold:   47         SH:  0    Dex: 11    Spells: 1/1 levels left

rFire    . . .     SeeInvis .   a - +0 spear (chaos)
rCold    . . .     Gourm    .   (no shield)
rNeg     . . .     Faith    .   b - +2 leather armour
rPois    .         Spirit   .   (no helmet)
rElec    .         Reflect  .   (no cloak)
rCorr    .         Harm     .   (no gloves)
MR       .....                  (no boots)
Stlth    +.........             (no amulet)
HPRegen  0.08/turn              (no ring)
MPRegen  0.08/turn              (no ring)

@: very slightly contaminated, invisible, slow
A: +LOS, swims, slowness 1, strong legs 1
a: Hop, Renounce Religion


You were on level 2 of the Dungeon.
You worshipped Xom.
You were a toy of Xom.
You were not hungry.

You visited 1 branch of the dungeon, and saw 2 of its levels.

You collected 47 gold pieces.

Inventory:

Hand Weapons
 a - a +0 spear of chaos (weapon)
Armour
 b - a +2 leather armour (worn)
 l - a +0 plate armour
Scrolls
 f - a scroll of magic mapping {unknown}
 g - 3 scrolls of identify {unknown}
 i - a scroll of fog {unknown}
 k - a scroll of teleportation {unknown}
Potions
 d - 2 potions of resistance {unknown}
 e - 2 potions of heal wounds {unknown}
 h - a potion of agility {unknown}
 j - a potion of degeneration {unknown}
 m - 3 potions of haste {unknown}
Comestibles
 c - 2 rations


   Skills:
 * Level 4.0 Fighting
 + Level 3.1 Polearms
 + Level 2.7 Armour
 + Level 1.4 Dodging


You had one spell level left.
You didn't know any spells.
Your spell library contained the following spells:

 Spells                   Type           Power        Failure   Level  Hunger
 Confusing Touch          Hex            #.......     77%         3    ####...
 Gell's Gravitas          Tloc           #.........   77%         3    ####...
 Petrify                  Tmut/Erth      #.......     99%         4    #####..
 Metabolic Englaciation   Hex/Ice        #.........   100%        5    ######.
 Yara's Violent Unravell  Hex/Tmut       #.........   100%        5    ######.


Dungeon Overview and Level Annotations

Branches:
Dungeon (2/15)

Altars:
Dithmenos

Annotations:
D:2 Jessica


Innate Abilities, Weirdness & Mutations

You can be seen from farther away. (+LOS)
You can swim through water.
You cover ground slowly.
You can hop short distances.


Message History

Jessica hits you with a +0 club.
You closely miss Jessica.
Jessica is moderately wounded.
Jessica misses you.
You closely miss Jessica.
Jessica is moderately wounded.
Jessica barely misses you.
You closely miss Jessica.
Jessica is moderately wounded.
You hit Jessica but do no damage.
Jessica is moderately wounded.
Jessica closely misses you.
You hit Jessica.
Jessica is heavily wounded.
Jessica barely misses you.
You barely miss Jessica.
Jessica is heavily wounded.
Jessica gestures at you while chanting. Pain shoots through your body!
You die...

#(.......##.###.....[....
#......<.##...#..........
#........##.............#
#........##.#...#........
#........##.###.......##.
#........#..# ##.......#.
#.##.## #.......## #.#..#
#.......## #@@.##
##........ #...#
#......## ##..# .........
...# .......## ##...
......# #.... . # ......
# #..... # #......


You could see Jessica.

Vanquished Creatures
  2 leopard geckos
  A giant cockroach (D:1)
  3 hobgoblins
  3 bats
  A frilled lizard (D:1)
  A rat (D:1)
11 creatures vanquished.

Notes
Turn   | Place    | Note
-------+----------+-------------------------------------------
     0 | D:1      | ChaosChampion the Barachi Chaos Knight began the quest for
                  | the Orb.
     0 | D:1      | Reached XP level 1. HP: 18/18 MP: 1/1
   233 | D:1      | Reached XP level 2. HP: 24/25 MP: 2/2
   322 | D:1      | Reached skill level 4 in Fighting
   404 | D:2      | Found a shadowy altar of Dithmenos.
   461 | D:2      | Noticed Jessica
   463 | D:2      | XOM: potion effect (invisibility)
   463 | D:2      | XOM: butterfly on damage
   472 | D:2      | XOM: cloud trail
   475 | D:2      | XOM: potion effect (heal wounds)
   486 | D:2      | Killed from afar by Jessica

Levels and vault maps discovered:
D:1:      nzn_arrival_crosshair, layout_rooms
D:2:      layout_rooms, grunt_gozag_statues, nicolae_dithmenos_shadow_blocks,
          uniq_crazy_yiuf_cottage, uniq_jessica

Skill      XL: |  1  2 |
---------------+-------+-----
Fighting       | 4 |  4.0
Polearms       | |  3.1
Armour         | |  2.7
Dodging        | |  1.4

Action                   || total
-------------------------++-------
Melee: Spear             ||    48
 Stab: Confused          ||     1
       Sleeping          ||     1
       Invisible         ||     1
Armor: Leather armour    ||    16
Dodge: Dodged            ||    23

Table legend:
 A = Non-vault XP
 B = Vault XP
 C = Vault XP percentage of total XP
 D = Non-vault monster count
 E = Vault monster count
 F = Vault count percentage of total count
                 A         B        C        D         E       F
            +---------+---------+-------+---------+---------+-------
      Total |      21 |       0 |   0.0 |      11 |       0 |   0.0
            +---------+---------+-------+---------+---------+-------
        D:1 |      14 |       0 |   0.0 |       8 |       0 |   0.0
        D:2 |       7 |       0 |   0.0 |       3 |       0 |   0.0
            +---------+---------+-------+---------+---------+-------
